[Event "Team 45 45 League T46"]
[Site "Internet Chess Club"]
[Date "2010.09.11"]
[Round "6"]
[White "Deau"]
[Black "Duguesclin"]
[Result "0-1"]
[WhiteElo "1570"]
[BlackElo "1705"]
[Opening "French: Tarrasch, open variation"]
[ECO "C07"]
[Time "05:15:37"]
[TimeControl "2700+45"]

1. e4 e6 2. d4 d5 3. Nd2 c5 4. c3 Nc6 5. Ngf3 Qb6 6. exd5 exd5 7. Nb3 c4 8. Nbd2
Bd6 9. g3 Nf6 10. Bg2 O-O 11. O-O Bf5 12. Re1 Rae8 13. Nf1 Rxe1 14. Nxe1 Re8 15.
Ne3 Be4 16. b3 cxb3 17. axb3 Na5 18. Bxe4 Nxe4 19. Nxd5 Qxb3 20. Qxb3 Nxb3 21.
Rb1 Nxc3 22. Nxc3 Rxe1+ 23. Kg2 Nxc1 24. Rxb7 a5 25. Nb5 Bf8 26. Rb8 g6 27. d5
Rd1 28. d6 Kg7 29. Rc8 Nb3 30. Rc3 a4 31. Rc4 a3 32. Nxa3 Bxd6 33. Nb5 Be7 34.
Re4 Bc5 35. Nc7 f5 36. Ne6+ Kf6 37. Nxc5 fxe4 38. Nxb3 g5 39. Nc5 Ke5 40. Nd7+
Rxd7 {White resigns} 0-1

[Event "Team 45 45 League T46"]
[Site "Internet Chess Club"]
[Date "2010.09.12"]
[Round "6"]
[White "BraafPaard"]
[Black "Lionskins"]
[Result "1/2-1/2"]
[WhiteElo "1572"]
[BlackElo "1633"]
[Opening "Queen's pawn game"]
[ECO "A50"]
[Time "14:01:23"]
[TimeControl "2700+45"]

1. d4 Nf6 2. c4 c6 3. Nf3 Ne4 4. e3 Qa5+ 5. Nbd2 e6 6. Bd3 d5 7. O-O Nf6 8. a3
Nbd7 9. c5 Qc7 10. b4 b6 11. Bb2 a6 12. Qc2 Bb7 13. Ne5 Nxe5 14. dxe5 Ng4 15.
Nf3 h5 16. h3 Qe7 17. cxb6 Nh6 18. Bd4 Qd8 19. Bc5 Be7 20. Bxe7 Qxe7 21. Qc5 g6
22. Nd4 Kd7 23. Rac1 Qxc5 24. bxc5 Rhc8 25. Nf3 Rg8 26. Ng5 Rg7 27. f4 Nf5 28.
Bxf5 gxf5 29. Kh2 Rag8 30. Rg1 Ke7 31. Rc2 Rh8 32. Rd2 Rhg8 33. Kg3 f6 34. exf6+
Kxf6 35. h4 Ke7 36. Kf2 Kf6 {Game drawn by mutual agreement} 1/2-1/2

[Event "Team 45 45 League T46"]
[Site "Internet Chess Club"]
[Date "2010.09.13"]
[Round "6"]
[White "chessateer"]
[Black "Troparion"]
[Result "0-1"]
[WhiteElo "1824"]
[BlackElo "1844"]
[Opening "French: Schlechter variation"]
[ECO "C01"]
[Time "11:02:40"]
[TimeControl "2700+45"]

1. e4 e6 2. d4 d5 3. Bd3 Nf6 4. e5 Nfd7 5. Nf3 c5 6. c3 Nc6 7. O-O Qb6 8. Bc2 f6
9. exf6 Nxf6 10. dxc5 Bxc5 11. Nbd2 O-O 12. Nb3 Bd6 13. Be3 Qc7 14. Qe2 e5 15.
h3 a5 16. Bc5 Bxc5 17. Nxc5 b6 18. Nb3 Ba6 19. Qe3 Bxf1 20. Rxf1 Rae8 21. Qg5 a4
22. Nc1 e4 23. Nd2 h6 24. Qe3 Ne5 25. Bxa4 Neg4 26. hxg4 Nxg4 27. Qh3 Nxf2 28.
Rxf2 Rxf2 29. Bxe8 Rxd2 30. Qe6+ Kf8 31. Bg6 Rd1+ 32. Kf2 Qf4+ 33. Ke2 Rd2+ 34.
Ke1 Qf2# {White checkmated} 0-1

[Event "Team 45 45 League T46"]
[Site "Internet Chess Club"]
[Date "2010.09.12"]
[Round "6"]
[White "parrot9"]
[Black "alexping"]
[Result "1-0"]
[WhiteElo "1690"]
[BlackElo "1791"]
[Opening "French: Tarrasch, closed variation"]
[ECO "C05"]
[Time "13:08:09"]
[TimeControl "2700+45"]

1. e4 e6 2. d4 d5 3. Nd2 Nf6 4. e5 Nfd7 5. Bd3 c5 6. c3 Nc6 7. Ndf3 Be7 8. Ne2
f6 9. exf6 Nxf6 10. O-O Qc7 11. Bg5 c4 12. Bc2 Bd6 13. Bxf6 gxf6 14. Ng3 Qg7 15.
Nh5 Qh6 16. Nd2 Rg8 17. Qf3 Kf7 18. Rad1 Bd7 19. Rfe1 Rg5 20. Ng3 Bxg3 21. fxg3
Qf8 22. h4 Rg7 23. Qh5+ Kg8 24. b3 Qd6 25. Re3 b5 26. Rf1 f5 27. bxc4 bxc4 28.
Rf4 Be8 29. Qe2 Bf7 30. Qf2 Rf8 31. Bd1 Ne7 32. h5 Rg5 33. Rh4 Kh8 34. Qf4 Qxf4
35. gxf4 Rg7 36. Nf3 h6 37. Ne5 Bg8 38. Ba4 Rb8 39. Re2 Rg3 40. Rc2 Kg7 41. Kf2
Rxc3 42. Rxc3 Rb4 43. Ra3 c3 44. Bb3 Rxd4 45. Rxa7 Kf6 46. Rxe7 Rd2+ 47. Kf3
Kxe7 48. Rh1 Bf7 49. Nc6+ Kd6 50. Ne5 Be8 51. g4 fxg4+ 52. Nxg4 c2 53. Rc1 Bxh5
54. Bxc2 d4 55. Bb3 Bxg4+ 56. Kxg4 Rg2+ 57. Kf3 Rh2 58. Re1 Kc5 59. Rxe6 d3 60.
Re5+ Kd4 61. Rd5+ Kc3 62. f5 Rh1 63. Ke3 Rh3+ 64. Ke4 d2 65. f6 Rh1 66. Rd3+
{Black resigns} 1-0

[Event "Team 45 45 League T46"]
[Site "Internet Chess Club"]
[Date "2010.09.09"]
[Round "6"]
[White "misuc56"]
[Black "Helaman"]
[Result "1-0"]
[WhiteElo "1796"]
[BlackElo "1448"]
[Opening "Dutch with c4 & Nc3"]
[ECO "A85"]
[Time "15:30:08"]
[TimeControl "2700+45"]

1. d4 f5 2. c4 Nf6 3. Nc3 g6 4. h3 Bg7 5. e3 d6 6. Nf3 O-O 7. Be2 a5 8. O-O Na6
9. Bd2 Qe8 10. a3 e5 11. d5 Bd7 12. Qc2 Nc5 13. b3 Nfe4 14. Nxe4 fxe4 15. Nh2 b5
16. Rab1 Qb8 17. b4 Nd3 18. bxa5 Qd8 19. cxb5 h5 20. Bxd3 exd3 21. Qxd3 e4 22.
Qe2 Qg5 23. f4 exf3 24. Nxf3 Qxd5 25. Rfd1 Bxh3 26. Bc3 Qe4 27. Bxg7 Kxg7 28.
Ng5 Bg4 29. Nxe4 Bxe2 30. Rd2 Bg4 31. a6 Bf5 32. Rb4 Rfe8 33. Ng3 Rxe3 34. Nxf5+
gxf5 35. a4 Kf6 36. Rc2 Re7 37. Rbc4 Ra7 38. a5 Kf7 39. Kf2 Ke8 40. Kf3 c5 41.
Rd2 Red7 42. Rf4 {Black resigns} 1-0

[Event "Team 45 45 League T46"]
[Site "Internet Chess Club"]
[Date "2010.09.12"]
[Round "6"]
[White "Wheels"]
[Black "MeoPatacca"]
[Result "0-1"]
[WhiteElo "1882"]
[BlackElo "1859"]
[Opening "Scandinavian (center counter) defense"]
[ECO "B01"]
[Time "15:39:19"]
[TimeControl "2700+45"]

1. e4 d5 2. exd5 Qxd5 3. Nc3 Qa5 4. d4 Nf6 5. Nf3 c6 6. Bc4 Bf5 7. Bd2 e6 8. O-O
Bb4 9. a3 Bxc3 10. Bxc3 Qc7 11. Qe2 O-O 12. h3 Nbd7 13. Nh4 Be4 14. f4 b5 15.
Bd3 Bxd3 16. Qxd3 Nd5 17. Bd2 f5 18. Rae1 Rae8 19. b3 a5 20. c4 bxc4 21. bxc4
N5f6 22. Kh1 Ne4 23. Bc1 Qd8 24. g3 Qa8 25. Kh2 Ndf6 26. Nf3 Rd8 27. Bb2 Rb8 28.
Ba1 Rfd8 29. Ng5 Nxg5 30. fxg5 Ne4 31. g4 g6 32. gxf5 exf5 33. h4 a4 34. d5 Rb3
35. Qd4 Qb8+ {White resigns} 0-1

[Event "Team 45 45 League T46"]
[Site "Internet Chess Club"]
[Date "2010.09.12"]
[Round "6"]
[White "GreatBendini"]
[Black "Philly-Boy"]
[Result "1-0"]
[WhiteElo "1826"]
[BlackElo "1865"]
[Opening "Scandinavian defense"]
[ECO "B01"]
[Time "12:00:08"]
[TimeControl "2700+45"]

1. e4 d5 2. exd5 Nf6 3. Bb5+ c6 4. dxc6 Nxc6 5. Nf3 Qb6 6. Nc3 g6 7. d4 Be6 8.
Be3 Rd8 9. O-O Bg7 10. Qe2 Nd5 11. Ng5 O-O 12. Nxd5 Bxd5 13. c4 Nxd4 14. Bxd4
Bxd4 15. cxd5 Rxd5 16. Nf3 Rxb5 17. Nxd4 Rxb2 18. Qe5 Rc8 19. h3 Rc4 20. Rac1
Qxd4 21. Qb8+ Kg7 22. Rxc4 {Black resigns} 1-0

[Event "Team 45 45 League T46"]
[Site "Internet Chess Club"]
[Date "2010.09.09"]
[Round "6"]
[White "b-spot"]
[Black "Magagna"]
[Result "0-1"]
[WhiteElo "1770"]
[BlackElo "1874"]
[Opening "Nimzo-Indian: classical, 4...c5"]
[ECO "E38"]
[Time "20:00:52"]
[TimeControl "2700+45"]

1. d4 Nf6 2. c4 e6 3. Nc3 Bb4 4. Qc2 c5 5. dxc5 Na6 6. a3 Bxc3+ 7. Qxc3 Nxc5 8.
f3 d6 9. e4 Qc7 10. Be3 b6 11. Nh3 Bb7 12. Nf4 O-O 13. b4 Ncd7 14. Rc1 Rac8 15.
Qd2 Ne5 16. Be2 Rfd8 17. O-O Ba6 18. c5 dxc5 19. Qb2 Bxe2 20. Nxe2 Nd3 21. Qc3
Nxc1 22. Rxc1 Qd7 23. Bg5 cxb4 {White resigns} 0-1

[Event "Team 45 45 League T46"]
[Site "Internet Chess Club"]
[Date "2010.09.11"]
[Round "6"]
[White "gerailen0075"]
[Black "BrerRabbit"]
[Result "0-1"]
[WhiteElo "1834"]
[BlackElo "1593"]
[Opening "Pirc defense"]
[ECO "B07"]
[Time "19:00:45"]
[TimeControl "2700+45"]

1. e4 d6 2. d4 Nf6 3. Bd3 e5 4. c3 d5 5. dxe5 Nxe4 6. Nf3 Nc6 7. h3 Nc5 8. Bc2
h6 9. O-O Be6 10. b4 Nd7 11. Re1 Nb6 12. b5 Na5 13. Nd4 Bd7 14. e6 fxe6 15. Bg6+
Ke7 16. Nf5+ Kf6 17. Nh4 Nac4 18. Qf3+ Ke7 19. Nf5+ Kf6 20. Nh4+ Ke7 21. Qf7+
Kd6 22. Bf4+ e5 23. Bh2 Qxh4 24. a4 Qf6 25. Qxf6+ gxf6 26. a5 Nc8 27. f4 Ne7 28.
fxe5+ fxe5 29. Bc2 {White resigns} 0-1